 Dungeon Crawl Stone Soup version 0.27-a0-1217-g8a41f320e8 (webtiles) character file.

Game seed: 777165634176919903

46 roflturtle the Changer (level 3, 0/42 HPs)
             Began as a Draconian Transmuter on June 6, 2021.
             Succumbed to an adder's poison
             ... on level 2 of the Dungeon.
             The game lasted 00:05:50 (1907 turns).

roflturtle the Changer (Draconian Transmuter)       Turns: 1907, Time: 00:05:51

Health: 0/42       AC: 21    Str: 12    XL:     3   Next: 46%
Magic:  6/6        EV:  2    Int: 14    God:
Gold:   43         SH:  0    Dex: 11    Spells: 0/6 levels left

rFire    . . .     SeeInvis .     - Unarmed
rCold    . . .     Faith    .   (no shield)
rNeg     + + +     Spirit   .   (armour unavailable)
rPois    +         Reflect  .   (helmet currently unavailable)
rElec    .         Harm     .   (cloak currently unavailable)
rCorr    .         Rampage  .   (gloves currently unavailable)
Will     .....     NoTele   +   (boots currently unavailable)
Stlth    +.........             (no amulet)
HPRegen  0.14/turn              (no ring)
MPRegen  0.10/turn              (no ring)

@: lethally poisoned (0 -> -1), tree-form
A: stationary, stasis, torment immunity, boosted hp, AC +5, unfitting armour,
(cold-blooded)
a: no special abilities


You were on level 2 of the Dungeon.
You were a tree.
You visited 1 branch of the dungeon, and saw 2 of its levels.

You collected 43 gold pieces.

Inventory:

Magical Staves
 a - a staff of fire
Scrolls
 b - a scroll of magic mapping {unknown}
 c - 4 scrolls of teleportation {unknown}
 d - a scroll of holy word {unknown}
 f - a scroll of noise {unknown}
 j - a scroll of vulnerability {unknown}
 k - a scroll of enchant weapon {unknown}
Potions
 e - 2 potions of lignification
 g - a potion of heal wounds {unknown}
 h - a potion of haste {unknown}
 i - a potion of ambrosia {unknown}
 l - a potion of curing {unknown}


   Skills:
 - Level 1.1 Fighting
 - Level 2.0 Dodging
 - Level 3.0 Unarmed Combat
 - Level 2.0 Spellcasting
 + Level 3.8 Transmutations


You couldn't memorise any spells.
You knew the following spells:

 Your Spells              Type           Power      Damage    Failure   Level
a - Beastly Appendage     Tmut           24%        N/A       4%          1
b - Wereblood             Tmut           12%        N/A       8%          2
c - Spider Form           Tmut/Pois      3%         N/A       32%         3

Your spell library contained the following spells:

 Spells                   Type           Power      Damage    Failure   Level
 Summon Small Mammal      Summ           4%         N/A       24%         1
 Call Imp                 Summ           1%         N/A       34%         2
 Call Canine Familiar     Summ           1%         N/A       56%         3
 Confusing Touch          Hex            1%         N/A       56%         3
 Gell's Gravitas          Tloc           0%         N/A       56%         3
 Summon Guardian Golem    Hex/Summ       1%         N/A       56%         3
 Ice Form                 Ice/Tmut       6%         N/A       73%         4
 Petrify                  Tmut/Erth      6%         N/A       73%         4
 Hydra Form               Tmut           6%         N/A       80%         5
 Summon Ice Beast         Ice/Summ       1%         N/A       93%         4
 Summon Lightning Spire   Summ/Air       1%         N/A       93%         4
 Yara's Violent Unravell  Hex/Tmut       3%         3d4       97%         5
 Metabolic Englaciation   Hex/Ice        0%         N/A       100%        5


Dungeon Overview and Level Annotations

Branches:
Dungeon (2/15)

Altars:


Innate Abilities, Weirdness & Mutations

You are a tree.
Your roots penetrate the ground, keeping you stationary.
You cannot be teleported.
You are immune to unholy pain and torment.
Your maximum health is greatly increased.
Your equipment is partially melded.
((Your plain brown scales are hard. (AC +5)))
You cannot fit into any form of body armour.
((You are cold-blooded and may be slowed by cold attacks.))


Message History

You are no longer poisoned.
The adder completely misses you.
You closely miss the adder.
The adder is almost dead.
The adder barely misses you.
You hit the adder.
The adder is almost dead.
The adder closely misses you. The adder bites you but does no damage.
You hit the adder but do no damage.
The adder is almost dead.
The adder bites you.
You are poisoned.
The adder poisons you!
You miss the adder.
You tail-slap the adder, but do no damage.
The adder is almost dead.
You feel sick. The adder bites you.
* * * LOW HITPOINT WARNING * * *
You are lethally poisoned!
The adder poisons you!
You completely miss the adder.
The adder is almost dead.
* * * LOW HITPOINT WARNING * * *
You feel sick. The adder bites you but does no damage.
Unknown command.
It was a potion of lignification.
You turn into a tree.
Your roots penetrate the ground.
* * * LOW HITPOINT WARNING * * *
You feel sick. The adder bites you but does no damage.
You completely miss the adder.
The adder is almost dead.
* * * LOW HITPOINT WARNING * * *
You feel sick.
The adder bites you but does no damage. x2
You smack the adder!
You kill the adder!
* * * LOW HITPOINT WARNING * * *
You feel sick.
* * * LOW HITPOINT WARNING * * *
You feel sick.
You die...

.....#######.#
.....## ......#
### ##...## ..#
##.## ..# #.# ..
#.# .# ##'##
###†# ##...##
##.♣.# #.....##
##.###.#
.......## ##.##
.#
........####..#
#
..<.....'.....#
........####...#
.......##
##.#<..#
#.....## ####.##
##...## .#


There were no monsters in sight!

Vanquished Creatures
  An adder (D:2)
  5 bats
  7 endoplasms
  2 giant cockroaches
  3 goblins (D:2)
  2 hobgoblins
  4 jackals (D:1)
  2 kobolds (D:2)
  A quokka (D:1)
  2 ball pythons
  A frilled lizard (D:1)
  2 rats (D:1)
32 creatures vanquished.

Notes
Turn   | Place    | Note
-------+----------+-------------------------------------------
     0 | D:1      | roflturtle the Draconian Transmuter began the quest for the
                  | Orb.
     0 | D:1      | Reached XP level 1. HP: 16/16 MP: 3/3
   406 | D:1      | Found a faded altar of an unknown god.
   445 | D:1      | Reached XP level 2. HP: 20/23 MP: 3/5
   590 | D:1      | Learned a level 2 spell: Wereblood
  1311 | D:2      | Reached XP level 3. HP: 28/28 MP: 4/6
  1315 | D:2      | Learned a level 3 spell: Spider Form
  1905 | D:2      | HP: 2/42 [poisoned by an adder]
  1907 | D:2      | Succumbed to an adder's poison

Illustrated notes

Levels and vault maps discovered:
D:1:      minmay_arrival_stair_chambers, layout_basic,
          shapermc_ecumenical_altar_mp_ritualfount,
          corexii_item_surrounded_by_moat
D:2:      layout_loops_corners

Skill      XL: |  1  2 |
---------------+-------+-----
Dodging        | 2 |  2.0
Transmutations | 3 |  3.8
Fighting       | |  1.1
Unarmed Combat | |  3.0
Spellcasting   | |  2.0

Action                   || total
-------------------------++-------
Melee: Unarmed           ||   104
       Tailslap          ||     8
       Kick              ||     7
       Headbutt          ||     2
 Cast: Beastly Appendage ||     7
  Use: Potion            ||     1
 Stab: Sleeping          ||     2
Armor: Skin              ||    34
Dodge: Dodged            ||    58

Table legend: (Time is in decaauts)
 A = Elapsed time spent in this place.
 B = Non-inter-level travel time spent in this place.
 C = Inter-level travel time spent in this place.
 D = Time resting spent in this place.
 E = Time spent auto-exploring this place.
 F = Levels seen in this place.
 G = Mean time per level.
                   A        B        C        D        E       F      G
               +--------+--------+--------+--------+--------+-----+--------+
         Total |   1901 |   1889 |     12 |      0 |   1616 |   2 |  950.5 |
       Dungeon |   1901 |   1889 |     12 |      0 |   1616 |   2 |  950.5 |
               +--------+--------+--------+--------+--------+-----+--------+

Top non-repeatable levels by time:
     D:1: 1122 daAuts
     D:2: 779 daAuts
